 Dungeon Crawl Stone Soup version 0.29.1-15-g9cfb28693d (webtiles) character file.

Game seed: 16710256799786051103

60 ThatPearl the Trooper (level 3, -2/30 HPs)
             Began as a Demonspawn Fighter on Mar 11, 2023.
             Slain by Robin
             ... wielding a +0 falchion
              (3 damage)
             ... on level 2 of the Dungeon.
             The game lasted 00:02:28 (1246 turns).

ThatPearl the Trooper (Demonspawn Fighter)          Turns: 1246, Time: 00:02:29

Health: -2/30      AC:  6    Str: 16    XL:     3   Next: 80%
Magic:  3/3        EV:  8    Int: 11    God:
Gold:   43         SH:  4    Dex: 12    Spells: 0/2 levels left

rFire   . . .      SeeInvis .   a - +0 war axe
rCold   . . .      Faith    .   c - +0 buckler
rNeg    . . .      Spirit   .   b - +0 scale mail
rPois   .          Reflect  .   (no helmet)
rElec   .          Harm     .   o - scarf {+Inv}
rCorr   .          Rampage  .   (no gloves)
Will    .....                   (no boots)
Stlth   ..........              (no amulet)
HPRegen 0.10/turn               (no ring)
MPRegen 0.08/turn               (no ring)

@: no status effects
A: demonic guardian 1
a: Evoke Invisibility


You were on level 2 of the Dungeon.
You visited 1 branch of the dungeon, and saw 2 of its levels.

You collected 43 gold pieces.

Inventory:

Hand Weapons
 a - a +0 war axe (weapon)
Missiles
 l - 13 stones (quivered)
Armour
 b - a +0 scale mail (worn)
 c - a +0 buckler (worn)
 o - a scarf of invisibility (worn)
Jewellery
 g - a ring of resist corrosion
Scrolls
 e - a scroll of torment {unknown}
 f - a scroll of identify {unknown}
 h - a scroll of vulnerability {unknown}
 j - a scroll of teleportation {unknown}
 k - 2 scrolls of fog {unknown}
Potions
 d - 2 potions of might
 i - a potion of curing {unknown}
 m - a potion of resistance {unknown}
 n - a potion of cancellation {unknown}
 p - a potion of invisibility {unknown}


   Skills:
 + Level 3.9 Fighting
 + Level 2.9 Axes
 - Level 2.6 Armour
 - Level 2.6 Shields
 + Level 0.4 Evocations


You couldn't memorise any spells.
You knew the following spells:

 Your Spells              Type           Power      Damage    Failure   Level
c - Call Imp              Summ           0%         N/A       95%         2

Your spell library contained the following spells:

 Spells                   Type           Power      Damage    Failure   Level
 Magic Dart               Conj           0%         1d3       86%         1
 Mephitic Cloud           Conj/Pois/Air  0%         N/A       99%         3


Dungeon Overview and Level Annotations

Branches:
Dungeon (2/15)

Altars:

Annotations:
D:2 Robin


Innate Abilities, Weirdness & Mutations

A weak demonic guardian rushes to your aid.


Message History

The goblin hits you with a +0 club. You block the goblin's attack.
The goblin hits you but does no damage.
You barely miss the goblin. You closely miss the goblin.
You hit the goblin but do no damage. You hit Robin.
Robin's bangles clink loudly.
The goblin hits you with a +0 club.
A demonic guardian appears!
You block the goblin's attack.
The goblin hits you but does no damage. x2
You block the hobgoblin's attack. You block the goblin's attack.
The goblin hits you with a +0 club.
Your quasit bites the goblin.
Your quasit claws the goblin.
Your quasit closely misses the goblin.
The goblin hits your quasit with a +0 club.
The goblin hits you but does no damage. Robin hits you with a +0 falchion.
The goblin hits you but does no damage.
Things that are here:
a +0 club; a +0 sling; a goblin corpse You closely miss the goblin.
The goblin is severely wounded.
You barely miss the goblin. You hit Robin. You hit the hobgoblin.
You kill the hobgoblin!
You barely miss the goblin.
Your quasit barely misses the goblin.
Your quasit misses the goblin.
Your quasit claws the goblin.
The goblin dies!
The goblin hits you with a +0 club.
* * * LOW HITPOINT WARNING * * *
Robin throws the goblin at you! The goblin completely misses you.
Your quasit misses the goblin.
Your quasit claws the goblin.
The goblin dies!
The hobgoblin closely misses you.
Your quasit barely misses the goblin. x2
Your quasit misses the goblin.
You see here a +0 dagger.
You closely miss the hobgoblin. You hit Robin. You closely miss the goblin.
Your quasit bites the goblin.
The goblin dies!
Robin hits you with a +0 falchion.
* * * LOW HITPOINT WARNING * * *
The hobgoblin hits you.
* * * LOW HITPOINT WARNING * * *
Robin hits you with a +0 falchion.
You die...

#. #... ........##†.
.###..# ..###.......
.....## .# ####....
#..... #.... #....###
##.... ..###......#####
###.....
........##.....###.......
.#####.g5..........##....
......gg@######.#####....
######g### #...# #....
(.. #...###.... #...
###..)...## #...# #
#.##.#.## .....
##P#..#..... #....#
#..#.....##. ###.#
PP#.###.... #.P#.######.


You could see Robin, 3 hobgoblins and a friendly quasit (summoned).

Vanquished Creatures
  An adder (D:2)
  4 ball pythons
  4 bats
  2 endoplasms (D:1)
  2 giant cockroaches (D:1)
  6 hobgoblins
  2 jackals (D:2)
  4 kobolds (D:1)
  3 quokkas
  2 frilled lizards
  8 goblins
  4 rats
42 creatures vanquished.

Vanquished Creatures (collateral kills)
  3 goblins (D:2)
  A frilled lizard (D:1)
  A rat (D:1)
5 creatures vanquished.

Grand Total: 47 creatures vanquished

Notes
Turn   | Place    | Note
-------+----------+-------------------------------------------
     0 | D:1      | ThatPearl the Demonspawn Fighter began the quest for the
                  | Orb.
     0 | D:1      | Reached XP level 1. HP: 18/18 MP: 1/1
   186 | D:1      | Gained mutation: A weak demonic guardian rushes to your
                  | aid. [demonic ancestry]
   186 | D:1      | Reached XP level 2. HP: 18/24 MP: 2/2
   531 | D:1      | Found a faded altar of an unknown god.
   532 | D:1      | Noticed a floating eye
   534 | D:1      | Noticed an eye of devastation
   534 | D:1      | Noticed a great orb of eyes
   534 | D:1      | Noticed a shining eye
   649 | D:1      | Reached XP level 3. HP: 28/29 MP: 3/3
   867 | D:1      | Learned a level 2 spell: Call Imp
  1235 | D:2      | Noticed Robin
  1246 | D:2      | HP: 1/30 [hobgoblin[Robin] (6)]
  1246 | D:2      | Slain by Robin

Illustrated notes

Levels and vault maps discovered:
D:1:      psy_arrival_wood_between_worlds, layout_rooms,
          hellmonk_ecumenical_altar_watching_god, minmay_unequal
D:2:      layout_rooms, serial_aquarium, aquarium_bridge_straight
          [aquarium_subvault_bridge, aquarium_subvault_wall,
          aquarium_subvault_bridge, aquarium_subvault_balcony],
          aquarium_window_fake, aquarium_window_corridor_1, aquarium_window_1,
          aquarium_view_2c, uniq_crazy_yiuf_cottage, uniq_robin

Skill      XL: |  1 |
---------------+----+-----
Axes           | 2 |  2.9
Fighting       | |  3.9
Armour         | |  2.6
Shields        | |  2.6
Evocations     | |  0.4

Action                   || total
-------------------------++-------
Melee: War axe           ||   115
Armor: Scale mail        ||    78
Dodge: Dodged            ||    54
Block: Buckler           ||    30
